 Dungeon Crawl Stone Soup version 0.31-a0-702-gf82c85558f (webtiles) character file.

Game seed: 3303403183242996518

7749 qw the Skirmisher (level 11, -3/71 HPs)
             Began as a Gargoyle Hunter on Sept 8, 2023.
             Was a Priest of Okawaru.
             Slain by a chaos spawn (17 damage)
             ... on level 2 of the Abyss.
             The game lasted 00:03:58 (7667 turns).

qw the Skirmisher (Gargoyle Hunter)                 Turns: 7667, Time: 00:03:58

Health: -3/71      AC: 23    Str: 16      XL:     11   Next: 20%
Magic:  13/14      EV: 20    Int:  7 (11) God:    Okawaru [***...]
Gold:   454        SH:  0    Dex: 23      Spells: 10/10 levels left

rFire   + . .        Y - +0 orcbow
rCold   . . .        (shield currently unavailable)
rNeg    + . .        b - +0 steam dragon scales
rPois   inf          (no helmet)
rElec   +            (no cloak)
rCorr   .            f - +0 pair of gloves
SInv    +            g - +2 pair of boots
Will    .....        (no amulet)
Stlth   +++++        k - +4 ring of protection
HPRegen 0.31/turn    a - ring of Puckih {rF+ Int+2 Dex+6 SInv Stlth+}
MPRegen 0.14/turn

%: no passive effects
@: heroic
A: sickness immunity, AC +8, negative energy resistance 1, electricity
resistance, torment resistance 1, petrification resistance, screaming 1
a: Renounce Religion, Heroism


You were on level 2 of the Abyss.
You worshipped Okawaru.
Okawaru was most pleased with you.
You visited 2 branches of the dungeon, and saw 10 of its levels.
You visited the Abyss 1 time.

You collected 454 gold pieces.


Innate Abilities, Weirdness & Mutations

You are immune to sickness and miasma.
Your stone body is resilient. (AC +8)
You are immune to poison.
You resist negative energy. (rN+)
You are resistant to electric shocks. (rElec)
You are resistant to unholy torment.
You are immune to petrification.
You occasionally shout uncontrollably at your foes.


   Skills:
 - Level 9.1(14.1) Fighting
 + Level 13.2(18.2) Ranged Weapons
 - Level 4.2(9.2) Armour
 - Level 5.0(10.0) Dodging
 - Level 1.1(6.1) Stealth
 - Level 4.1 Invocations


You had 10 spell levels left.
You didn't know any spells.
Your spell library was empty.

Inventory:

Hand Weapons
 Y - a +0 orcbow (weapon)
Armour
 b - +0 steam dragon scales (worn)
 c - a +3 leather armour of cold resistance
 f - a +0 pair of gloves (worn)
 g - a +2 pair of boots (worn)
Jewellery
 a - the ring of Puckih (right hand) {rF+ Int+2 Dex+6 SInv Stlth+}
   (You found it on level 4 of the Dungeon)

   [ring of dexterity]

   Int+2:     It affects your intelligence (+2).
   Dex+6:     It affects your dexterity (+6).
   rF+:       It protects you from fire.
   SInv:      It lets you see invisible.
   Stlth+:    It makes you more stealthy.
 k - a +4 ring of protection (left hand)
Scrolls
 j - a scroll of teleportation
 o - a scroll of identify
Potions
 d - 2 potions of heal wounds
 h - a potion of attraction {unknown}
 i - a potion of brilliance {unknown}
 l - a potion of might {unknown}
 n - a potion of enlightenment

Dungeon Overview and Level Annotations

Branches:
Dungeon (9/15)             Temple (1/1) D:4            Lair (0/5) D:9
    Orc: D:9-12

Altars:
Ashenzari
Cheibriados
Dithmenos
Elyvilon
Fedhas
Gozag
Hepliaklqana
Kikubaaqudgha
Makhleb
Nemelex Xobeh
Okawaru
Qazlal
Ru
Sif Muna
Trog
Uskayaw
Vehumet
Wu Jian
Xom
Yredelemnul
Zin
The Shining One

Shops:
D:6 :   D:7 *


Message History

The raiju closely misses you.
Enter note:
7663 |||
Found retreat position at -7,-5 (unseen) with 0 blocking monsters and 1 monsters attacking at destination at distance 7
Enter note:
7663 ||| Stepping ~*~*~tactically~*~*~ (retreating).
7664 |||
Found retreat position at 4,0 (floor) with 0 blocking monsters and 1 monsters attacking at destination at distance 6
7664 ||| Stepping ~*~*~tactically~*~*~ (retreating).
7665 |||
Found retreat position at 4,1 (floor) with 0 blocking monsters and 1 monsters attacking at destination at distance 5
7665 ||| Stepping ~*~*~tactically~*~*~ (retreating).
The chaos spawn completely misses you.
Enter note:
Enter note:
Enter note:
Enter note:
Enter note:
Enter note:
Enter note:
Enter note:
Enter note:
Enter note:
Enter note:
Enter note:
Enter note:
Enter note:
Enter note:
Enter note:
Enter note:
Enter note:
7666 |||
Found retreat position at 4,1 (floor) with 0 blocking monsters and 3 monsters attacking at destination at distance 4
Enter note:
7666 ||| Stepping ~*~*~tactically~*~*~ (retreating).
The tentacled starspawn bites you! The tentacled starspawn misses you.
The chaos spawn gores you. Space warps horribly around you!
Enter note:
7667 |||
Found retreat position at 0,1 (chaos spawn; open_door) with 0 blocking monsters and 4 monsters attacking at destination at distance 1 You shoot an arrow.
The arrow misses the raiju.
The tentacled starspawn closely misses you.
The tentacled starspawn misses you. The chaos spawn hits you!
The chaos spawn freezes you!
You die...

.. . #.....#.... ...
.#......#.... ....
#......#...###.... .
.................¤
.........#....... . #
#................# #.
##..............
....#...h@X.###...#
.....#.h#4#.........#
........#h#.........
.......h..#.%....
........%.#h#....###
.....#.#### . ~~#
....#.# ¤¤ . ~..
.#.... # # ###7~.#
...... # .. #


You could see a tentacled starspawn, 3 raiju and a chaos spawn.

Vanquished Creatures
  Pikel (D:7)
  Joseph (D:9)
  Maggie (D:6)
  Grinder (D:5)
  Prince Ribbit (D:8)
  3 raiju (Abyss:2)
  A small abomination (Abyss:2)
  Sigmund (D:3)
  A shadow (D:9)
  5 yaks (D:9)
  A wyvern (D:8)
  A wraith (D:7)
  A neqoxec (Abyss:2)
  4 steam dragons
  Grum (D:7)
  An acid dragon (D:9)
  3 water moccasins
  An orc warrior (D:8)
  A sky beast (D:8)
  3 ice beasts
  2 ogres
  3 centaurs
  2 lemures
  2 wolves (D:8)
  2 phantoms
  3 kobold brigands
  3 bullfrogs
  8 wights
  2 howler monkeys (D:8)
  3 hounds
  3 orc priests
  3 jellies
  7 iguanas
  A sleepcap (D:7)
  8 orc wizards
  A gnoll (D:1)
  11 adders
  2 white imps
  2 worms
  3 dart slugs
  32 orcs
  9 endoplasms
  4 giant cockroaches
  7 goblins
  12 hobgoblins
  5 jackals
  17 kobolds
  2 quokkas (D:3)
  3 ball pythons
  6 bats
  2 frilled lizards
  10 rats
213 creatures vanquished.

Vanquished Creatures (others)
  A water moccasin (D:6)
  An orc (D:5)
  A kobold (D:7)
3 creatures vanquished.

Grand Total: 216 creatures vanquished

Notes
Turn   | Place    | Note
-------+----------+-------------------------------------------
     0 | D:1      | qw the Gargoyle Hunter began the quest for the Orb.
     0 | D:1      | Reached XP level 1. HP: 12/12 MP: 1/1
     0 | D:1      | 0 ||| qw: Version: 0.3-a-76-g4403597
     0 | D:1      | 0 ||| qw: Game counter: 947
     0 | D:1      | 0 ||| qw: Melee chars always use a shield: true
     0 | D:1      | 0 ||| qw: God list: Okawaru
     0 | D:1      | 0 ||| qw: Allow faded altars: false
     0 | D:1      | 0 ||| qw: Do Orc after clearing Dungeon:15 true
     0 | D:1      | 0 ||| qw: Do second Lair branch before Depths: true
     0 | D:1      | 0 ||| qw: Lair rune preference: random
     0 | D:1      | 0 ||| qw: Goals: Normal
     0 | D:1      | 0 ||| PLANNING D:1-11
   157 | D:1      | Reached XP level 2. HP: 17/17 MP: 2/2
   401 | D:1      | Reached XP level 3. HP: 21/21 MP: 3/3
   486 | D:1      | Reached skill level 5 in Ranged Weapons
   812 | D:1      | 812 ||| UPGRADING to +0 pair of gloves.
   817 | D:1      | 817 ||| UPGRADING to +2 pair of boots.
   822 | D:1      | 822 ||| DROPPING +6 ring of intelligence.
   823 | D:1      | 823 ||| READING 3 scrolls labelled QIRIFU BODO.
   824 | D:1      | 824 ||| DROPPING 2 scrolls of noise.
   825 | D:1      | 825 ||| DROPPING scroll of butterflies.
  1026 | D:2      | Reached skill level 3 in Fighting
  1028 | D:2      | Reached XP level 4. HP: 28/28 MP: 4/4
  1031 | D:2      | Reached skill level 1 in Armour
  1729 | D:2      | 1729 ||| UPGRADING to +0 ring mail.
  1739 | D:2      | 1739 ||| DROPPING +0 leather armour.
  1740 | D:2      | 1740 ||| READING scroll labelled XECIES BAESUERCHI.
  1741 | D:2      | 1741 ||| READING scroll labelled QEFRAA QIEZA.
  1742 | D:2      | 1742 ||| DRINKING 2 smoky clear potions.
  1779 | D:2      | 1779 ||| DROPPING potion of lignification.
  2157 | D:3      | Reached XP level 5. HP: 32/32 MP: 5/5
  2222 | D:3      | Noticed Sigmund
  2247 | D:3      | Killed Sigmund
  2248 | D:3      | Reached skill level 7 in Ranged Weapons
  2248 | D:3      | Reached XP level 6. HP: 17/37 MP: 6/6
  2797 | D:3      | 2797 ||| UPGRADING to +4 ring of protection.
  2798 | D:3      | 2798 ||| READING scroll labelled TULETU ZUCW.
  2799 | D:3      | 2799 ||| READING scroll labelled QAOGAFROAZAA.
  2800 | D:3      | 2800 ||| READING scroll labelled WEOMIO VODEJEH.
  2801 | D:3      | 2801 ||| READING 2 scrolls labelled ENKOCU JIMI.
  2804 | D:3      | 2804 ||| DRINKING 2 fuming green potions.
  2805 | D:3      | 2805 ||| DRINKING 2 glowing grey potions.
  2849 | D:4      | Identified the ring of Puckih {rF+ Int+2 Dex+6 SInv Stlth+}
  2871 | D:4      | 2871 ||| Stepping ~*~*~tactically~*~*~ (outnumbered).
  2872 | D:4      | 2872 ||| Stepping ~*~*~tactically~*~*~ (outnumbered).
  2874 | D:4      | 2874 ||| Stepping ~*~*~tactically~*~*~ (outnumbered).
  3158 | D:4      | Found an opulent altar of Gozag.
  3290 | D:4      | Reached XP level 7. HP: 43/43 MP: 7/7
  3423 | D:4      | Found a staircase to the Ecumenical Temple.
  3424 | D:4      | 3424 ||| PLANNING TEMPLE
  3424 | D:4      | 3424 ||| UPGRADING to ring of Puckih {rF+ Int+2 Dex+6 SInv
                  | Stlth+}.
  3425 | D:4      | 3425 ||| DROPPING ring of ice.
  3434 | Temple   | Entered the Ecumenical Temple
  3435 | Temple   | 3435 ||| PLANNING OKAWARU WORSHIP
  3442 | Temple   | Became a worshipper of Warmaster Okawaru
  3443 | Temple   | 3443 ||| PLANNING D:1-11
  3690 | D:4      | Found a snail-covered altar of Cheibriados.
  3690 | D:4      | Found a blossoming altar of Fedhas.
  3862 | D:4      | 3862 ||| READING scroll labelled SIEDDIYHAFE.
  3928 | D:5      | Entered Level 5 of the Dungeon
  3951 | D:5      | Reached * piety under Okawaru
  3952 | D:5      | Reached skill level 8 in Ranged Weapons
  4033 | D:5      | Noticed a steam dragon
  4034 | D:5      | 4034 ||| Stepping ~*~*~tactically~*~*~ (outnumbered).
  4037 | D:5      | 4037 ||| INVOKING Heroism.
  4048 | D:5      | 4048 ||| INVOKING Heroism.
  4055 | D:5      | 4055 ||| Stepping ~*~*~tactically~*~*~ (outnumbered).
  4077 | D:5      | 4077 ||| INVOKING Heroism.
  4083 | D:5      | HP: 11/44 [orc priest/divine providence (15)]
  4084 | D:5      | 4084 ||| READING 2 scrolls of teleportation.
  4085 | D:5      | 4085 ||| DRINKING potion of heal wounds.
  4087 | D:5      | Reached XP level 8. HP: 34/49 MP: 5/8
  4161 | D:5      | Noticed Grinder
  4162 | D:5      | 4162 ||| RETREATING.
  4181 | D:5      | 4181 ||| INVOKING Heroism.
  4184 | D:5      | Reached skill level 9 in Ranged Weapons
  4194 | D:5      | 4194 ||| INVOKING Heroism.
  4200 | D:5      | Killed Grinder
  4201 | D:5      | Reached skill level 6 in Fighting
  4368 | D:5      | 4368 ||| SWAPPING to +0 orcbow.
  4369 | D:5      | 4369 ||| DROPPING +0 shortbow of draining.
  4398 | D:5      | Reached skill level 1 in Invocations
  4404 | D:5      | 4404 ||| INVOKING Heroism.
  4449 | D:5      | 4449 ||| INVOKING Heroism.
  4461 | D:5      | Reached skill level 3 in Dodging
  4573 | D:5      | 4573 ||| FLEEEEING.
  4574 | D:5      | 4574 ||| FLEEEEING.
  4575 | D:5      | 4575 ||| FLEEEEING.
  4576 | D:5      | 4576 ||| FLEEEEING.
  4577 | D:5      | 4577 ||| FLEEEEING.
  4578 | D:5      | 4578 ||| FLEEEEING.
  4579 | D:5      | 4579 ||| FLEEEEING.
  4580 | D:5      | 4580 ||| FLEEEEING.
  4581 | D:5      | 4581 ||| FLEEEEING.
  4778 | D:5      | 4778 ||| READING scroll labelled HOG HEUSAUTRYC.
  4779 | D:5      | 4779 ||| READING scroll labelled OFAROB JISCHYO.
  5029 | D:6      | Reached XP level 9. HP: 55/55 MP: 10/10
  5036 | D:6      | Found Vunker's Tremendous Tomes.
  5216 | D:6      | Found a radiant altar of Vehumet.
  5221 | D:6      | 5221 ||| INVOKING Heroism.
  5227 | D:6      | Reached skill level 3 in Invocations
  5410 | D:6      | 5410 ||| INVOKING Heroism.
  5453 | D:6      | 5453 ||| DROPPING ring of see invisible.
  5454 | D:6      | 5454 ||| READING scroll labelled OJA WIECONKUNEXE.
  5455 | D:6      | 5455 ||| READING scroll labelled JUNWAH LISS.
  5456 | D:6      | 5456 ||| DRINKING 2 fuming dark potions.
  5457 | D:6      | 5457 ||| DROPPING potion of degeneration.
  5490 | D:7      | Noticed Maggie
  5491 | D:7      | 5491 ||| STAIRDANCE
  5504 | D:7      | 5504 ||| STAIRDANCE
  5558 | D:7      | 5558 ||| STAIRDANCE
  5602 | D:7      | 5602 ||| INVOKING Heroism.
  5604 | D:7      | 5604 ||| STAIRDANCE
  5613 | D:6      | Killed Maggie
  5614 | D:6      | Reached skill level 10 in Ranged Weapons
  5620 | D:6      | 5620 ||| UPGRADING to +0 steam dragon scales.
  5630 | D:6      | 5630 ||| DROPPING +0 ring mail.
  5634 | D:7      | 5634 ||| STAIRDANCE
  5645 | D:6      | Reached skill level 3 in Armour
  5649 | D:7      | 5649 ||| STAIRDANCE
  5651 | D:6      | 5651 ||| INVOKING Heroism.
  5693 | D:7      | 5693 ||| STAIRDANCE
  5850 | D:7      | Reached ** piety under Okawaru
  5891 | D:7      | Found Ilubiry's Elemental Accessories.
  6060 | D:7      | 6060 ||| READING scroll labelled LIECUN NAYTUMI.
  6061 | D:7      | 6061 ||| DRINKING 2 yellow potions.
  6106 | D:8      | Noticed Pikel
  6108 | D:8      | 6108 ||| INVOKING Heroism.
  6112 | D:8      | 6112 ||| STAIRDANCE
  6133 | D:8      | Noticed Grum
  6138 | D:8      | 6138 ||| STAIRDANCE
  6140 | D:7      | 6140 ||| INVOKING Heroism.
  6152 | D:7      | Killed Pikel
  6153 | D:7      | Reached skill level 11 in Ranged Weapons
  6153 | D:7      | Reached XP level 10. HP: 63/63 MP: 11/13
  6171 | D:8      | 6171 ||| STAIRDANCE
  6185 | D:8      | 6185 ||| INVOKING Heroism.
  6186 | D:8      | 6186 ||| Stepping ~*~*~tactically~*~*~ (retreating).
  6189 | D:8      | 6189 ||| Stepping ~*~*~tactically~*~*~ (retreating).
  6190 | D:8      | 6190 ||| STAIRDANCE
  6192 | D:7      | Killed Grum
  6248 | D:8      | 6248 ||| Stepping ~*~*~tactically~*~*~ (outnumbered).
  6250 | D:8      | 6250 ||| INVOKING Heroism.
  6334 | D:8      | 6334 ||| Stepping ~*~*~tactically~*~*~ (outnumbered).
  6336 | D:8      | 6336 ||| Stepping ~*~*~tactically~*~*~ (outnumbered).
  6341 | D:8      | 6341 ||| Stepping ~*~*~tactically~*~*~ (outnumbered).
  6433 | D:8      | 6433 ||| RETREATING.
  6434 | D:8      | 6434 ||| Stepping ~*~*~tactically~*~*~ (retreating).
  6444 | D:8      | 6444 ||| FLEEEEING.
  6445 | D:8      | 6445 ||| FLEEEEING.
  6446 | D:8      | 6446 ||| FLEEEEING.
  6447 | D:8      | 6447 ||| FLEEEEING.
  6448 | D:8      | 6448 ||| FLEEEEING.
  6449 | D:8      | 6449 ||| FLEEEEING.
  6451 | D:8      | Reached skill level 12 in Ranged Weapons
  6582 | D:8      | Noticed Prince Ribbit
  6587 | D:8      | Killed Prince Ribbit
  6649 | D:8      | 6649 ||| INVOKING Heroism.
  6983 | D:8      | 6983 ||| READING 2 scrolls of identify.
  6983 | D:8      | 6983 ||| IDENTIFYING dark potion
  6984 | D:8      | 6984 ||| DROPPING potion of ambrosia.
  7035 | D:9      | Noticed Joseph
  7048 | D:9      | 7048 ||| INVOKING Heroism.
  7050 | D:9      | Killed Joseph
  7188 | D:9      | Reached *** piety under Okawaru
  7229 | D:9      | Found a staircase to the Lair.
  7265 | D:9      | 7265 ||| RETREATING.
  7270 | D:9      | 7270 ||| Stepping ~*~*~tactically~*~*~ (outnumbered).
  7272 | D:9      | 7272 ||| Stepping ~*~*~tactically~*~*~ (outnumbered).
  7274 | D:9      | 7274 ||| Stepping ~*~*~tactically~*~*~ (outnumbered).
  7276 | D:9      | 7276 ||| Stepping ~*~*~tactically~*~*~ (outnumbered).
  7278 | D:9      | 7278 ||| DRINKING 2 potions of curing.
  7278 | D:9      | 7278 ||| (to cure confusion)
  7281 | D:9      | 7281 ||| RETREATING.
  7283 | D:9      | 7283 ||| DRINKING potion of curing.
  7283 | D:9      | 7283 ||| (to cure confusion)
  7284 | D:9      | 7284 ||| Stepping ~*~*~tactically~*~*~ (retreating).
  7285 | D:9      | 7285 ||| Stepping ~*~*~tactically~*~*~ (retreating).
  7286 | D:9      | 7286 ||| Stepping ~*~*~tactically~*~*~ (retreating).
  7287 | D:9      | 7287 ||| Stepping ~*~*~tactically~*~*~ (retreating).
  7288 | D:9      | 7288 ||| Stepping ~*~*~tactically~*~*~ (retreating).
  7295 | D:9      | 7295 ||| Stepping ~*~*~tactically~*~*~ (retreating).
  7301 | D:9      | Reached skill level 13 in Ranged Weapons
  7316 | D:9      | Reached XP level 11. HP: 64/69 MP: 14/14
  7340 | D:9      | 7340 ||| INVOKING Heroism.
  7348 | D:9      | Reached skill level 9 in Fighting
  7519 | D:9      | Noticed a wizard
  7530 | Abyss:2  | Cast into level 2 of the Abyss (a wizard)
  7569 | Abyss:2  | Gained mutation: You occasionally shout uncontrollably at
                  | your foes. [a neqoxec]
  7604 | Abyss:2  | 7604 ||| RETREATING.
  7606 | Abyss:2  | 7606 ||| Stepping ~*~*~tactically~*~*~ (outnumbered).
  7608 | Abyss:2  | 7608 ||| Stepping ~*~*~tactically~*~*~ (outnumbered).
  7609 | Abyss:2  | 7609 ||| Stepping ~*~*~tactically~*~*~ (outnumbered).
  7616 | Abyss:2  | 7616 ||| Stepping ~*~*~tactically~*~*~ (retreating).
  7627 | Abyss:2  | 7627 ||| Stepping ~*~*~tactically~*~*~ (retreating).
  7630 | Abyss:2  | 7630 ||| Stepping ~*~*~tactically~*~*~ (retreating).
  7631 | Abyss:2  | 7631 ||| Stepping ~*~*~tactically~*~*~ (retreating).
  7632 | Abyss:2  | 7632 ||| Stepping ~*~*~tactically~*~*~ (retreating).
  7633 | Abyss:2  | 7633 ||| RETREATING.
  7636 | Abyss:2  | 7636 ||| Stepping ~*~*~tactically~*~*~ (retreating).
  7637 | Abyss:2  | 7637 ||| Stepping ~*~*~tactically~*~*~ (retreating).
  7638 | Abyss:2  | 7638 ||| Stepping ~*~*~tactically~*~*~ (retreating).
  7641 | Abyss:2  | Reached **** piety under Okawaru
  7643 | Abyss:2  | 7643 ||| Stepping ~*~*~tactically~*~*~ (retreating).
  7644 | Abyss:2  | 7644 ||| Stepping ~*~*~tactically~*~*~ (retreating).
  7645 | Abyss:2  | 7645 ||| Stepping ~*~*~tactically~*~*~ (retreating).
  7653 | Abyss:2  | 7653 ||| INVOKING Heroism.
  7655 | Abyss:2  | Noticed a tentacled starspawn
  7656 | Abyss:2  | 7656 ||| Stepping ~*~*~tactically~*~*~ (retreating).
  7662 | Abyss:2  | 7662 ||| Stepping ~*~*~tactically~*~*~ (retreating).
  7663 | Abyss:2  | 7663 ||| Stepping ~*~*~tactically~*~*~ (retreating).
  7664 | Abyss:2  | 7664 ||| Stepping ~*~*~tactically~*~*~ (retreating).
  7665 | Abyss:2  | 7665 ||| Stepping ~*~*~tactically~*~*~ (retreating).
  7666 | Abyss:2  | 7666 ||| Stepping ~*~*~tactically~*~*~ (retreating).
  7667 | Abyss:2  | HP: 14/71 [chaos spawn (13)]
  7667 | Abyss:2  | Slain by a chaos spawn

Levels and vault maps discovered:
D:1:      dpeg_arrival_leaves_temple_mockup, layout_basic
D:2:      layout_basic, minmay_ruptured
D:3:      layout_basic, uniq_sigmund
D:4:      layout_basic, gammafunk_temple_overflow_elements,
          nicolae_gozag_seed_capital, minmay_temple_entry_fiery,
          kennysheep_generic_room_9
D:5:      layout_rooms, kennysheep_opposing_triangles, uniq_grinder
D:6:      layout_gridville, mainiacjoe_overflow_chevrons, serial_park_tiny_2,
          nicolae_shop_i_like_big_books
D:7:      layout_rooms, nicolae_elemental_shop, uniq_maggie
D:8:      layout_loops_ring, minmay_misc_feat_plants, uniq_prince_ribbit1,
          uniq_grum, uniq_pikel
D:9:      layout_basic, dpeg_oklobed_lair, lightli_wizard_tower, uniq_joseph,
          uniq_erica
Temple:   eino_narrow_crystal_temple
Abyss:2:  base: D:1, bh_abyss_exit_choice, hangedman_abyss_or_decor_slice

Skill      XL: |  1  2  3  4  5  6  7  8  9 10 11 |
---------------+----------------------------------+-----
Ranged Weapons | 5 7 8 9 11 13 | 13.2
Fighting       | 3 4 5 6 7 8 9 |  9.1
Armour         | 1 2 3 4 |  4.2
Dodging        | 2 3 4 5 |  5.0
Invocations    | 2 4 |  4.1
Stealth        | |  1.1

Action                     |  1- 3 |  4- 6 |  7- 9 | 10-12 || total
---------------------------+-------+-------+-------+-------++-------
   Fire: Shortbow          |    99 |   206 |   140 |       ||   445
         Orcbow            |       |       |   216 |   263 ||   479
 Invoke: Heroism           |       |       |    13 |     6 ||    19
    Use: Scroll            |     1 |     6 |     7 |     1 ||    15
         Potion            |       |     3 |     3 |     2 ||     8
 Armour: Leather armour    |    21 |    18 |       |       ||    39
         Ring mail         |       |    76 |   139 |       ||   215
         Steam dragon scal |       |       |    34 |    86 ||   120
  Dodge: Dodged            |    29 |    61 |   163 |   145 ||   398

Table legend:
 A = Non-vault XP
 B = Vault XP
 C = Vault XP percentage of total XP
 D = Non-vault monster count
 E = Vault monster count
 F = Vault count percentage of total count
                 A         B        C        D         E       F
            +---------+---------+-------+---------+---------+-------
      Total |    8209 |    2861 |  25.8 |     196 |      16 |   7.5
            +---------+---------+-------+---------+---------+-------
        D:1 |      56 |       0 |   0.0 |      23 |       0 |   0.0
        D:2 |      70 |       4 |   5.4 |      21 |       3 |  12.5
        D:3 |      62 |     231 |  78.8 |      23 |       1 |   4.2
        D:4 |     387 |       2 |   0.5 |      20 |       1 |   4.8
        D:5 |     924 |     442 |  32.4 |      27 |       4 |  12.9
        D:6 |    1398 |     415 |  22.9 |      19 |       1 |   5.0
        D:7 |     607 |     815 |  57.3 |      13 |       2 |  13.3
        D:8 |    1691 |     486 |  22.3 |      29 |       3 |   9.4
        D:9 |    1797 |     466 |  20.6 |      16 |       1 |   5.9
    Abyss:2 |    1217 |       0 |   0.0 |       5 |       0 |   0.0
            +---------+---------+-------+---------+---------+-------
